 Dungeon Crawl Stone Soup version 0.27.1-3-gb3d3a73c9e (webtiles) character file.

Game seed: 15316541302316299876

207 Araneus the Poker (level 5, -4/41 HPs)
             Began as a Demonspawn Fighter on Oct 14, 2021.
             Was an Initiate of Qazlal.
             Slain by an orc priest (6 damage)
             ... on level 4 of the Dungeon.
             The game lasted 00:06:48 (4152 turns).

Araneus the Poker (Demonspawn Fighter)              Turns: 4152, Time: 00:06:48

Health: -4/41      AC: 13    Str: 17    XL:     5   Next: 54%
Magic:  5/5        EV:  2    Int:  9    God:    Qazlal [......]
Gold:   112        SH: 13    Dex: 13    Spells: 4/4 levels left

rFire    + . .     SeeInvis .   a - +0 trident
rCold    . . .     Faith    .   c - +0 kite shield
rNeg     . . .     Spirit   .   g - +0 plate armour {rF+}
rPois    .         Reflect  +   (no helmet)
rElec    .         Harm     .   (no cloak)
rCorr    .         Rampage  .   j - +1 pair of gloves
Will     .....                  (no boots)
Stlth    ..........             p - amulet of reflection
HPRegen  0.13/turn              (no ring)
MPRegen  0.09/turn              (no ring)

@: no status effects
A: claws 1, spiny 1
a: Renounce Religion


You were on level 4 of the Dungeon.
You worshipped Qazlal.
Qazlal was noncommittal.
You visited 2 branches of the dungeon, and saw 5 of its levels.

You collected 112 gold pieces.

Inventory:

Hand Weapons
 a - a +0 trident (weapon)
Armour
 c - a +0 kite shield (worn)
 g - a +0 plate armour of fire resistance (worn)
 j - a +1 pair of gloves (worn)
Jewellery
 p - an amulet of reflection (around neck)
Wands
 o - a wand of flame (13)
Scrolls
 b - a scroll of fog {unknown}
 d - a scroll of summoning {unknown}
 e - a scroll of amnesia {unknown}
 i - 6 scrolls of identify {unknown}
 k - 3 scrolls of vulnerability {unknown}
 l - a scroll of enchant armour {unknown}
Potions
 f - a potion of resistance {unknown}
 h - a potion of degeneration {unknown}
 m - 3 potions of heal wounds {unknown}
 n - 2 potions of curing {unknown}
 q - a potion of attraction {unknown}


   Skills:
 - Level 3.0 Fighting
 + Level 5.3 Polearms
 - Level 2.6 Armour
 - Level 2.6 Shields


You had 4 spell levels left.
You didn't know any spells.
Your spell library contained the following spells:

 Spells                   Type           Power      Damage    Failure   Level
 Beastly Appendage        Tmut           0%         N/A       100%        1
 Wereblood                Tmut           0%         N/A       100%        2
 Spider Form              Tmut/Pois      0%         N/A       100%        3


Dungeon Overview and Level Annotations

Branches:
Dungeon (4/15)             Temple (1/1) D:4

Altars:
Ashenzari
Cheibriados
Dithmenos
Elyvilon
Fedhas
Hepliaklqana
Kikubaaqudgha
Okawaru
Qazlal
Ru
Sif Muna
Wu Jian
Yredelemnul
Zin
The Shining One

Shops:
D:2 !*[   D:4 (


Innate Abilities, Weirdness & Mutations

You have sharp fingernails.
You are partially covered in sharp spines.


Message History

You climb upwards.
Welcome back to the Dungeon!
There is a staircase to the Ecumenical Temple here.
An orc wizard comes into view. It is wielding a +0 dagger.
The orc wizard points at you and mumbles some strange words.
The magic dart hits you. 2 orcs and an orc priest come into view.
Found 28 arrows.
The orc shouts!
The orc priest shouts!
The orc shouts!
The orc wizard points at you and mumbles some strange words.
The magic dart hits you but does no damage.
The orc priest calls down the wrath of Beogh upon you.
Pain shoots through your body!
You reach to attack!
Your shield and plate armour prevent you from hitting the orc wizard.
You completely miss the orc wizard.
The orc priest calls down the wrath of Beogh upon you.
Pain shoots through your body! You block the orc wizard's attack.
You closely miss the orc wizard. You hit the orc.
The orc is almost dead.
You block the orc's attack. The orc hits you but does no damage.
You puncture the orc!
You kill the orc!
Qazlal accepts your kill. You block the orc priest's attack.
You hit the orc priest but do no damage.
You block the orc wizard's attack.
The orc priest is struck by your spines.
The orc priest hits you with a +0 hand axe.
You block the orc's attack.
Your shield and plate armour prevent you from hitting the orc priest.
The orc priest is heavily wounded.
The orc wizard gestures at you while chanting.
The magic dart hits you!
* * * LOW HITPOINT WARNING * * *
You block the orc priest's attack. The orc hits you with a +0 flail!
* * * LOW HITPOINT WARNING * * *
The orc priest is struck by your spines.
The orc priest hits you with a +0 hand axe.
You die...

(.............................###
.⌠..>..⌠...............<........
..............................###
###...###.................[...#
#.⌠.# #......................
#...###......................
#............................
#............................
#.............@o.............
#..†..........oo......
#.......>.............
#.....................
###.....................
........................
...................(....
...#################.#.. ....#


You could see an orc priest, an orc wizard and an orc.

Vanquished Creatures
  2 hounds (D:4)
  A jelly (D:4)
  An iguana (D:4)
  A hound skeleton (D:4)
  An adder (D:2)
  An adder skeleton (D:4)
  A worm (D:4)
  3 dart slugs
  8 orcs
  5 bats
  3 endoplasms
  A giant cockroach (D:4)
  6 hobgoblins
  3 quokkas
  4 ball pythons
  3 frilled lizards
  5 kobolds
  5 rats
54 creatures vanquished.

Vanquished Creatures (others)
  9 plants (D:3)
9 creatures vanquished.

Grand Total: 63 creatures vanquished

Notes
Turn   | Place    | Note
-------+----------+-------------------------------------------
     0 | D:1      | Araneus the Demonspawn Fighter began the quest for the Orb.
     0 | D:1      | Reached XP level 1. HP: 18/18 MP: 1/1
   188 | D:1      | Reached skill level 2 in Polearms
   942 | D:2      | Found Usmounits's General Store.
   998 | D:2      | Found Nesch's Armour Shop.
  1061 | D:2      | Gained mutation: You have sharp fingernails. [demonic
                  | ancestry]
  1061 | D:2      | Reached XP level 2. HP: 13/24 MP: 2/2
  1370 | D:2      | Found Muaneiru's Distillery.
  1469 | D:2      | Reached skill level 3 in Polearms
  1720 | D:2      | Reached XP level 3. HP: 29/29 MP: 3/3
  1899 | D:2      | Found a faded altar of an unknown god.
  3491 | D:4      | Found Alume's Weapon Shoppe.
  3516 | D:4      | Reached skill level 4 in Polearms
  3516 | D:4      | Gained mutation: You are partially covered in sharp spines.
                  | [demonic ancestry]
  3516 | D:4      | Reached XP level 4. HP: 6/35 MP: 4/4
  3803 | D:4      | Reached XP level 5. HP: 41/41 MP: 5/5
  3843 | D:4      | Reached skill level 5 in Polearms
  4037 | D:4      | Found a staircase to the Ecumenical Temple.
  4047 | Temple   | Entered the Ecumenical Temple
  4074 | Temple   | Became a worshipper of Qazlal Stormbringer
  4152 | D:4      | HP: 2/41 [orc (8)]
  4152 | D:4      | Slain by an orc priest

Illustrated notes

Levels and vault maps discovered:
D:1:      dpeg_arrival_tiny_g, layout_loops_corners
D:2:      layout_basic, serial_shops, nicolae_shop_competitors_out_of_business,
          shop, nicolae_shop_statue_plus, serial_co_window_serial,
          co_window_paths_a, co_window_of_opportunity_a, co_window_paths_a,
          co_window_paths_a, co_window_paths_a, co_window_paths_c,
          co_window_2corner, co_window_unsneaky_path_b,
          shapermc_ecumenical_altar_mp_vishouse
D:3:      layout_loops_ring, serial_forest, infiniplex_forest_clump_small,
          infiniplex_forest_lined_corner, infiniplex_forest_clump_long,
          infiniplex_forest_clump_curved, infiniplex_forest_fountain,
          infiniplex_forest_end_3, infiniplex_forest_straight_5,
          infiniplex_forest_end_1
D:4:      layout_basic, minmay_temple_entry_junction, serial_shops,
          nicolae_shop_window_shopping, uniq_natasha
Temple:   eino_wide_crystal_templ

Skill      XL: |  1  2  3  4  5 |
---------------+----------------+-----
Polearms       | 2 3 4 5 |  5.3
Fighting       | |  3.0
Armour         | |  2.6
Shields        | |  2.6

Action                   |  1- 3 |  4- 6 || total
-------------------------+-------+-------++-------
Melee: Trident           |   183 |    44 ||   227
  Use: Potion            |       |     1 ||     1
Armor: Plate armour      |    96 |    13 ||   109
Dodge: Dodged            |    15 |     2 ||    17
Block: Kite shield       |    83 |    27 ||   110
       Reflection        |       |     3 ||     3
